 Dungeon Sprint DCSS version 0.30-a0-1112-gfb780f5df6 (webtiles) character file.

Game seed: 5044823458638585987

190 sircluck the Cleaver (level 5, -13/56 HPs)
             Began as a Hill Orc Berserker on Apr 19, 2023.
             Was a Priest of Trog.
             Mangled by a sun demon (18 damage)
             ... summoned by a kobold demonologist
             ... in the Dungeon (Sprint III: "The Ten Rune Challenge").
             The game lasted 00:01:36 (482 turns).

sircluck the Cleaver (Hill Orc Berserker)            Turns: 482, Time: 00:01:37

Health: -13/56     AC:  8    Str: 22    XL:     5   Next: 69%
Magic:  5/5        EV: 11    Int:  7    God:    Trog [***...]
Gold:   27         SH:  0    Dex: 10    Spells: 4/4 levels left

rFire   . . .      SeeInvis .    a - +0 hand axe
rCold   . . .      Faith    .    (no shield)
rNeg    . . .      Spirit   .    i - +0 ring mail
rPois   .          Reflect  .    (no helmet)
rElec   .          Rampage  .    k - +1 cloak {Will+}
rCorr   .          NoTele   +    (no gloves)
Will    +....                    (no boots) Stlth
                                 (no amulet)
HPRegen 0.29/turn                (no ring)
MPRegen 0.09/turn                (no ring)

@: no status effects
A: no striking features
a: Renounce Religion, Berserk, Trog's Hand


You were in the Dungeon.
You worshipped Trog.
Trog was most pleased with you.
You visited 1 branch You collected 27 gold pieces.

Inventory:

Hand Weapons
 a - a +0 hand axe (weapon)
Armour
 b - a +0 animal skin
 i - a +0 ring mail (worn)
 k - a +1 cloak of willpower (worn)
Scrolls
 h - a scroll of blinking
 j - 3 scrolls of identify {unknown}
 l - a scroll of torment {unknown}
 n - a scroll of poison {unknown}
 o - a scroll of silence {unknown}
Potions
 c - 3 potions of curing
 d - a potion of heal wounds
 e - a potion of haste
 f - 2 potions of magic
 g - a potion of berserk rage
 m - 3 potions of flight


   Skills:
 + Level 8.7 Fighting
 + Level 10.6 Axes
 + Level 4.1 Armour
 + Level 3.5 Dodging


You had 4 spell levels left.
You didn't know any spells.
Your spell library was empty.

Dungeon Overview and Level Annotations

Branches:
Dungeon (1/1)

Altars:
Dithmenos
Kikubaaqudgha
Ru
Sif Muna
Vehumet
Yredelemnul


Message History

The kobold demonologist hits you but does no damage.
You hit the sun demon but do no damage.
The sun demon is lightly wounded.
You miss the kobold demonologist. The sun demon closely misses you.
You hit the sun demon but do no damage.
The sun demon is lightly wounded.
You hit the kobold demonologist but do no damage.
The sun demon misses you.
The kobold demonologist hits you but does no damage.
You closely miss the wizard.
The wizard is severely wounded.
You hit the sun demon but do no damage.
You closely miss the kobold demonologist.
The sun demon barely misses you.
The kobold demonologist hits you but does no damage.
The wizard gestures wildly while chanting.
The wizard flickers and vanishes!
Deactivating autopickup; reactivate with Ctrl-A.
You closely miss something.
You closely miss the kobold demonologist.
You hit the sun demon but do no damage. The sun demon closely misses you.
The kobold demonologist casts a spell.
Something hits you but does no damage.
You miss something. You barely miss the sun demon.
You hit the kobold demonologist. The sun demon hits you!
You are engulfed in flames!
You miss the kobold demonologist.
The kobold demonologist is heavily wounded.
You closely miss something. You hit the sun demon.
The kobold demonologist closely misses you.
Something hits you but does no damage. The sun demon misses you.
You hit the kobold demonologist.
Your punch misses the kobold demonologist.
The kobold demonologist is heavily wounded.
You miss something. You closely miss the sun demon.
The kobold demonologist barely misses you.
Something hits you. The sun demon hits you!
* * * LOW HITPOINT WARNING * * *
You are engulfed in flames!!
You die...

.#......#####..# #__#
##.......#!!#..# #._#
.##.##...#..#..###+#+###)##
.##.###..##'#..#..........#
####.##†.###...'.⌠........#
##..##.†####...#...######+#
.†..##..###....#.⌠.#
#..##...##.....#{..#
..##....#.)....#@###
.###..##.#.....#3K5# .#
#..#####....#55_# ▓▓ ▓▓▓▓
▓▓▓▓▓▓▓▓▓▓


You could see a sun demon (summoned), a kobold demonologist, an iron imp
(summoned) and 2 ufetubi.

Vanquished Creatures
  A necrophage (D)
  A water elemental (D)
  Crazy Yiuf (D)
  A necromancer (D)
  A human (D)
  4 rats (D)
9 creatures vanquished.

Notes
Turn   | Place    | Note
-------+----------+-------------------------------------------
     0 | D        | sircluck the Hill Orc Berserker began the quest for the
                  | Orb.
     0 | D        | Reached XP level 1. HP: 19/19 MP: 1/1
    32 | D        | Reached ** piety under Trog
    62 | D        | Reached skill level 5 in Fighting
    62 | D        | Reached skill level 6 in Axes
    62 | D        | Reached XP level 2. HP: 29/29 MP: 2/2
   111 | D        | Noticed Crazy Yiuf
   116 | D        | Killed Crazy Yiuf
   117 | D        | Reached skill level 7 in Axes
   117 | D        | Reached XP level 3. HP: 37/37 MP: 3/3
   288 | D        | Noticed a water elemental
   311 | D        | Killed a water elemental
   311 | D        | Reached *** piety under Trog
   312 | D        | Reached skill level 8 in Axes
   312 | D        | Reached XP level 4. HP: 45/47 MP: 4/4
   367 | D        | Found a basalt altar of Yredelemnul.
   367 | D        | Found a shadowy altar of Dithmenos.
   367 | D        | Found a sacrificial altar of Ru.
   367 | D        | Noticed a necrophage
   377 | D        | Reached skill level 9 in Axes
   377 | D        | Reached XP level 5. HP: 38/53 MP: 5/5
   380 | D        | Reached skill level 10 in Axes
   470 | D        | Found a radiant altar of Vehumet.
   470 | D        | Found a shimmering blue altar of Sif Muna.
   470 | D        | Found an ancient bone altar of Kikubaaqudgha.
   475 | D        | Noticed a sun demon
   482 | D        | Mangled by a sun demon

Illustrated notes

Levels and vault maps discovered:
D:        dungeon_sprint_mu [sprint_mu_entry_cave, sprint_mu_temple_rooms,
          sprint_mu_d1_horrors, sprint_mu_d2_genie, sprint_mu_d3_branching,
          sprint_mu_orc_legion, sprint_mu_elf_gauntlet, sprint_mu_hive_nellie,
          sprint_mu_lair_fedhas, sprint_mu_vaults_butterflies,
          sprint_mu_slime_circle, sprint_mu_swamp_cave, sprint_mu_snake_twists,
          sprint_mu_blade_basic, sprint_mu_crypt_lich, sprint_mu_tomb_spiral,
          sprint_mu_vestibule_basic, sprint_mu_gehenna_hellfire,
          sprint_mu_dis_giant, sprint_mu_tartarus_statrot,
          sprint_mu_cocytus_islands, sprint_mu_zot1]

Skill      XL: |  1  2  3  4  5 |
---------------+----------------+-----
Fighting       | 5 6 7 8 |  8.7
Axes           | 6 7 8 9 10 | 10.6
Dodging        | 2 3 |  3.5
Armour         | 3 4 |  4.1

Action                     |  1- 3 |  4- 6 || total
---------------------------+-------+-------++-------
  Melee: Hand axe          |    22 |    22 ||    44
         Punch             |     1 |       ||     1
 Invoke: Berserk           |     3 |     1 ||     4
 Armour: Animal skin       |     1 |       ||     1
         Ring mail         |       |     8 ||     8
  Dodge: Dodged            |     7 |    10 ||    17

Table legend: (Time is in decaauts)
 A = Elapsed time spent in this place.
 B = Non-inter-level travel time spent in this place.
 C = Inter-level travel time spent in this place.
 D = Time resting spent in this place.
 E = Time spent auto-exploring this place.
 F = Levels seen in this place.
 G = Mean time per level.
                   A        B        C        D        E       F      G
               +--------+--------+--------+--------+--------+-----+--------+
         Total |    519 |    515 |      4 |    311 |     36 |   1 |  519.0 |
       Dungeon |    519 |    515 |      4 |    311 |     36 |   1 |  519.0 |
               +--------+--------+--------+--------+--------+-----+--------+

Top non-repeatable levels by time:
       D: 519 daAuts
